 Dungeon Crawl Stone Soup version 0.31-a0-329-g52107efa6a (webtiles) character file.

Game seed: 10691361543644449907

235 AdnanSaban the Covered (level 6, -4/38 HPs)
             Began as a Gargoyle Fighter on July 19, 2023.
             Killed by divine providence
             ... invoked by an orc priest
              (12 damage)
             ... on level 4 of the Dungeon.
             The game lasted 00:03:02 (3276 turns).

AdnanSaban the Covered (Gargoyle Fighter)           Turns: 3276, Time: 00:03:02

Health: -4/38      AC: 11    Str: 22    XL:     6   Next: 5%
Magic:  6/6        EV:  9    Int:  8    God:
Gold:   113        SH:  4    Dex:  9    Spells: 5/5 levels left

rFire   . . .        a - +0 flail
rCold   . . .        c - +0 buckler
rNeg    + . .        b - +0 scale mail
rPois   ∞            (no helmet)
rElec   +            (no cloak)
rCorr   .            (no gloves)
SInv    .            (no boots)
Will    .....        (no amulet) Stlth
                     (no ring)
HPRegen 0.26/turn    (no ring)
MPRegen 0.10/turn

%: no passive effects
@: no status effects
A: sickness immunity, AC +4, negative energy resistance 1, electricity
resistance, torment resistance 1, petrification resistance
a: no special abilities


You were on level 4 of the Dungeon.
You visited 1 branch of the dungeon, and saw 4 of its levels.

You collected 113 gold pieces.

Inventory:

Hand Weapons
 a - a +0 flail (weapon)
Armour
 b - a +0 scale mail (worn)
 c - a +0 buckler (worn)
Jewellery
 f - a ring of flight
 g - a ring of fire
 o - a +5 ring of evasion
Scrolls
 i - 2 scrolls of identify {unknown}
 j - a scroll of teleportation {unknown}
 l - a scroll of enchant weapon {unknown}
 n - a scroll of acquirement {unknown}
 p - a scroll of vulnerability {unknown}
Potions
 d - 3 potions of might
 e - a potion of experience {unknown}
 h - a potion of heal wounds {unknown}
 k - a potion of attraction {unknown}
 m - a potion of degeneration {unknown}
 q - a potion of haste {unknown}


   Skills:
 + Level 4.2 Fighting
 + Level 4.1 Maces & Flails
 + Level 4.2 Armour
 + Level 1.1 Dodging
 + Level 4.1 Shields


You had 5 spell levels left.
You didn't know any spells.
Your spell library contained the following spells:

 Spells                   Type           Power      Damage    Failure   Level
 Blink                    Tloc           0%         N/A       90%         2
 Summon Guardian Golem    Hex/Summ       0%         N/A       99%         3
 Manifold Assault         Tloc           0%         N/A       100%        4
 Petrify                  Tmut/Erth      0%         N/A       100%        4
 Irradiate                Conj/Tmut      0%         3d11      100%        5
 Orb of Destruction       Conj           0%         9d5       100%        7
 Spellforged Servitor     Conj/Summ      0%         N/A       100%        7
 Sublimation of Blood     Necr           Unusable   N/A       N/A         2

Dungeon Overview and Level Annotations

Branches:
Dungeon (4/15)
 Temple: D:4-7

Altars:
Ashenzari


Innate Abilities, Weirdness & Mutations

You are immune to sickness and miasma.
Your stone body is resilient. (AC +4)
You are immune to poison.
You resist negative energy. (rN+)
You are resistant to electric shocks. (rElec)
You are resistant to unholy torment.
You are immune to petrification.


Message History

The orc wizard closely misses you.
A kobold comes into view. It is wielding a +0 dagger.
The kobold shouts!
You hear a shout!
The orc wizard points at you and mumbles some strange words.
The puff of flame hits you.
A hobgoblin comes into view.
The orc wizard hits you with a +2 dagger of holy wrath.
The orc hits you but does no damage. The orc priest hits you with a +0 club.
You barely miss the orc wizard.
You feel less confused.
The orc wizard hits you but does no damage.
The orc barely misses you.
The orc wizard gestures wildly while chanting.
The orc wizard flickers and vanishes!
The orc priest hits you but does no damage.
The orc priest attacks as you move away!
The orc priest closely misses you. Something hits you but does no damage.
There are monsters nearby!
There are monsters nearby!
There are monsters nearby!
There are monsters nearby!
There are monsters nearby!
There are monsters nearby!
There are monsters nearby!
There are monsters nearby!
Something hits you. Something hits you but does no damage.
You hear some strange, mumbled words.
A magic dart appears from out of thin air!
The magic dart hits you.
An endoplasm comes into view.
The endoplasm quivers.
The orc priest invokes the aid of Beogh against you.
Beogh smites you!
* * * LOW HITPOINT WARNING * * *
The orc priest looks encouraged for a moment.
The orc priest calls down the wrath of Beogh upon you.
Beogh smites you!
You die...

##.## #..#.###### ####
......##.###...#
#.............# ....#.
#.........##..##
#.....##..............#
##.....#.....[.........
#..................##
#.......##.#.##.@...#
#.......##.).##.o...####
#..............o......#
##......................
#...............g...>.#.
.......####....o.....##
...............K..J..#.
.#.....####.............
##.....####.....##...##.


You could see an orc priest, an orc wizard, an orc, an endoplasm, a hobgoblin
and a kobold.

Vanquished Creatures
  An orc priest (D:3)
  2 orc wizards (D:3)
  Robin (D:2)
  3 adders
  An ufetubus (D:4)
  A worm (D:2)
  4 dart slugs
  10 orcs
  11 ball pythons
  7 endoplasms
  A giant cockroach (D:1)
  6 hobgoblins
  2 jackals (D:1)
  A quokka (D:2)
  9 bats
  9 frilled lizards
  10 goblins
  10 kobolds
  6 rats
95 creatures vanquished.

Notes
Turn   | Place    | Note
-------+----------+-------------------------------------------
     0 | D:1      | AdnanSaban the Gargoyle Fighter began the quest for the
                  | Orb.
     0 | D:1      | Reached XP level 1. HP: 14/14 MP: 1/1
   150 | D:1      | Reached XP level 2. HP: 16/19 MP: 2/2
   564 | D:1      | Reached XP level 3. HP: 16/23 MP: 3/3
  1018 | D:2      | Found a broken altar of Ashenzari.
  1375 | D:2      | Reached XP level 4. HP: 29/29 MP: 4/4
  1982 | D:2      | Noticed Robin
  1994 | D:2      | Killed Robin
  2277 | D:3      | Reached XP level 5. HP: 24/33 MP: 5/5
  2554 | D:3      | Reached skill level 1 in Dodging
  3188 | D:4      | Reached XP level 6. HP: 29/38 MP: 6/6
  3276 | D:4      | Killed from afar by an orc priest

Illustrated notes

Levels and vault maps discovered:
D:1:      dpeg_arrival_refuge, layout_basic, serial_rivers,
          chequers_serial_rivers_small_a, chequers_serial_rivers_marsh,
          chequers_serial_rivers_room_a, chequers_serial_rivers_large_b,
          chequers_serial_rivers_room_a, chequers_hall_statues_corner_a,
          grunt_decor_cap
D:2:      layout_basic, basic_altar, hex_intersection, minmay_tetromino_o4,
          uniq_robin
D:3:      layout_loops_corners, lexackson_kobold_supper
D:4:      cheibrodos_pilgrimage, layout_cave_pools,
          worldfamousw_hep_ancestral_shrine, uniq_natasha

Skill      XL: |  1  2  3  4  5 |
---------------+----------------+-----
Maces & Flails | 3 4 |  4.1
Armour         | 4 |  4.2
Shields        | 4 |  4.1
Fighting       | 4 |  4.2
Dodging        | 1 |  1.1

Action                     |  1- 3 |  4- 6 || total
---------------------------+-------+-------++-------
  Melee: Flail             |   136 |   236 ||   372
 Armour: Scale mail        |    92 |   148 ||   240
  Dodge: Dodged            |    74 |   124 ||   198
  Block: Buckler           |    39 |    54 ||    93

Table legend: (Time is in decaauts)
 A = Elapsed time spent in this place.
 B = Non-inter-level travel time spent in this place.
 C = Inter-level travel time spent in this place.
 D = Time resting spent in this place.
 E = Time spent auto-exploring this place.
 F = Levels seen in this place.
 G = Mean time per level.
                   A        B        C        D        E       F      G
               +--------+--------+--------+--------+--------+-----+--------+
         Total |   3417 |   3319 |     98 |      0 |   2550 |   4 |  854.2 |
       Dungeon |   3417 |   3319 |     98 |      0 |   2550 |   4 |  854.2 |
               +--------+--------+--------+--------+--------+-----+--------+

Top non-repeatable levels by time:
     D:2: 1168 daAuts
     D:1: 1085 daAuts
     D:3: 1049 daAuts
     D:4: 113 daAuts
